 Dungeon Sprint DCSS version 0.29-a0-284-gf9362112df (webtiles) character file.

Game seed: 4237376350433670028

119 mhtbhm the Spear-Bearer (level 4, 0/45 (47) HPs)
             Began as a Minotaur Berserker on Mar 26, 2022.
             Was a Priest of Trog.
             Killed from afar by a necromancer (26 damage)
             ... with a bolt of negative energy
             ... in the Dungeon (Sprint III: "The Ten Rune Challenge").
             The game lasted 00:01:23 (296 turns).

mhtbhm the Spear-Bearer (Minotaur Berserker)         Turns: 296, Time: 00:01:25

HP:   0/45 (47)     AC:  2    Str: 24    XL:     4   Next: 74%
MP:   3/3           EV: 12    Int:  4    God:    Trog [***...]
Gold: 22            SH:  0    Dex:  9    Spells: 3/3 levels left

rFire   . . .      SeeInvis .   a - +0 spear
rCold   . . .      Faith    .   (no shield)
rNeg    . . .      Spirit   .   b - +0 animal skin
rPois   .          Reflect  .   (helmet restricted)
rElec   .          Harm     .   (no cloak)
rCorr   .          Rampage  .   (no gloves)
Will    .....      NoTele   +   (no boots)
Stlth   +.........              (no amulet)
HPRegen 0.15/turn               (no ring)
MPRegen 0.08/turn               (no ring)

@: lightly drained
A: horns 2, retaliatory headbutt
a: Renounce Religion, Berserk, Trog's Hand


You were in the Dungeon.
You worshipped Trog.
Trog was most pleased with you.
You visited 1 branch You collected 22 gold pieces.

Inventory:

Hand Weapons
 a - a +0 spear (weapon)
Armour
 b - a +0 animal skin (worn)
Scrolls
 h - a scroll of blinking
 i - 2 scrolls of immolation {unknown}
 j - 3 scrolls of identify
Potions
 c - a potion of curing
 d - a potion of heal wounds
 e - 2 potions of haste
 f - 2 potions of magic
 g - a potion of berserk rage
 k - a potion of brilliance {unknown}
 l - 2 potions of flight
 m - 4 potions of mutation


   Skills:
 + Level 7.5 Fighting
 + Level 8.3 Polearms
 + Level 4.1 Armour
 + Level 4.2 Dodging


You had 3 spell levels left.
You didn't know any spells.
Your spell library was empty.

Dungeon Overview and Level Annotations

Branches:
Dungeon (1/1)

Altars:
Dithmenos
Ru
Yredelemnul


Innate Abilities, Weirdness & Mutations

You have a pair of horns on your head.
You reflexively headbutt those who attack you in melee.


Message History

Your Armour skill increases to level 4!
Your Dodging skill increases to level 4!
You have reached level 4!
You feel stronger.
Unknown command.
There is an open door to the Ecumenical Temple here.
You feel a strong urge to attack something.
You start resting.
You feel your anger nearly subside.
You start resting.
You are no longer berserk.
You are exhausted.
You feel yourself slow down.
You start resting.
You start resting.
You feel yourself speed up.
You start resting.
You recover from your berserk rage.
There is a fountain of clear blue water here.
You start resting.
HP restored.
No target in view!
You open the door.
A necrophage and a necromancer come into view.
The necromancer shouts!
The necromancer gestures at you while chanting.
Your body is wracked with pain!
Found a runed wooden wand.
Found three altars.
You closely miss the necrophage.
The necromancer casts a spell.
The necromancer binds the souls of nearby monsters.
The necrophage misses you.
You hit the necrophage. Your headbutt misses the necrophage.
The necrophage is lightly damaged.
The necromancer points at you and mumbles some strange words.
The bolt of negative energy hits the necrophage.
The necrophage completely resists.
The bolt of negative energy hits you!!
You feel drained.
Ouch! That really hurt!
You die...

▓▓▓ # ##.# ####
#####..# #__#
.#..#..# #/p
.#..#..###+#+###n##
.##'#..#........@.#
.###...'.⌠........#
####...#...######+#
###....#.⌠.#
##†....#...#
#.†....#+###
.#.....# ###....#
▓▓▓▓▓▓


You could see a necromancer and a necrophage (wandering).

Vanquished Creatures
  A water elemental (D)
  Jessica (D)
  A human (D)
  A wolf (D)
  An endoplasm (D)
  2 rats (D)
7 creatures vanquished.

Notes
Turn   | Place    | Note
-------+----------+-------------------------------------------
     0 | D        | mhtbhm the Minotaur Berserker began the quest for the Orb.
     0 | D        | Reached XP level 1. HP: 19/19 MP: 0/0
    13 | D        | Reached skill level 4 in Polearms
    25 | D        | Reached ** piety under Trog
    28 | D        | Noticed Jessica
    38 | D        | Killed Jessica
    39 | D        | Reached skill level 5 in Fighting
    39 | D        | Reached skill level 5 in Polearms
    39 | D        | Reached XP level 2. HP: 20/29 MP: 1/1
    39 | D        | Reached XP level 3. HP: 25/36 MP: 2/2
   141 | D        | Reached skill level 6 in Polearms
   145 | D        | Reached skill level 7 in Polearms
   225 | D        | Noticed a water elemental
   229 | D        | Killed a water elemental
   229 | D        | Reached *** piety under Trog
   230 | D        | Reached skill level 8 in Polearms
   230 | D        | Reached XP level 4. HP: 47/47 MP: 3/3
   294 | D        | Found a basalt altar of Yredelemnul.
   294 | D        | Found a shadowy altar of Dithmenos.
   294 | D        | Found a sacrificial altar of Ru.
   294 | D        | Noticed a necrophage
   296 | D        | Killed from afar by a necromancer

Illustrated notes

Levels and vault maps discovered:
D:        dungeon_sprint_mu [sprint_mu_entry_cave, sprint_mu_temple_rooms,
          sprint_mu_d1_spiders, sprint_mu_d2_genie, sprint_mu_d3_branching,
          sprint_mu_orc_legion, sprint_mu_elf_gauntlet, sprint_mu_hive_nellie,
          sprint_mu_lair_fedhas, sprint_mu_vaults_butterflies,
          sprint_mu_slime_circle, sprint_mu_swamp_cave, sprint_mu_shoals_archi,
          sprint_mu_blade_basic, sprint_mu_crypt_lich, sprint_mu_tomb_spiral,
          sprint_mu_vestibule_basic, sprint_mu_gehenna_hellfire,
          sprint_mu_dis_giant, sprint_mu_tartarus_statrot,
          sprint_mu_cocytus_islands, sprint_mu_zot1]

Skill      XL: |  1  2  3 |
---------------+----------+-----
Fighting       | 5 7 |  7.5
Polearms       | 5 8 |  8.3
Armour         | 3 4 |  4.1
Dodging        | 3 4 |  4.2

Action                   |  1- 3 |  4- 6 || total
-------------------------+-------+-------++-------
Melee: Spear             |    24 |     2 ||    26
       Headbutt          |     2 |       ||     2
Invok: Berserk           |     2 |       ||     2
Armor: Animal skin       |     1 |       ||     1
Dodge: Dodged            |     8 |     1 ||     9

Table legend: (Time is in decaauts)
 A = Elapsed time spent in this place.
 B = Non-inter-level travel time spent in this place.
 C = Inter-level travel time spent in this place.
 D = Time resting spent in this place.
 E = Time spent auto-exploring this place.
 F = Levels seen in this place.
 G = Mean time per level.
                   A        B        C        D        E       F      G
               +--------+--------+--------+--------+--------+-----+--------+
         Total |    310 |    310 |      0 |    115 |    110 |   1 |  310.0 |
       Dungeon |    310 |    310 |      0 |    115 |    110 |   1 |  310.0 |
               +--------+--------+--------+--------+--------+-----+--------+

Top non-repeatable levels by time:
       D: 310 daAuts
